 Dungeon Crawl Stone Soup version 0.31-a0-1610-g9787180647 (webtiles) character file.

Game seed: 6870119177809974412

5245 tsouns the Thaumaturge (level 10, -1/75 HPs)
             Began as a Gargoyle Necromancer on Jan 5, 2024.
             Was a High Priest of Sif Muna.
             Slain by Harold
             ... wielding a +0 vampiric long sword
              (14 damage)
             ... on level 9 of the Dungeon on Jan 8, 2024.
             The game lasted 00:27:16 (8849 turns).

tsouns the Thaumaturge (Gargoyle Necromancer)       Turns: 8849, Time: 00:27:17

Health: -1/75      AC: 17    Str: 11    XL:     10   Next: 62%
Magic:  6/24       EV: 11    Int: 27    God:    Sif Muna [*****.]
Gold:   85         SH:  0    Dex: 10    Spells: 14/29 levels left

rFire   . . .        G - +1 short sword (holy)
rCold   + . .        (no shield)
rNeg    + . .        K - +3 leather armour {rC+}
rPois   ∞            h - +1 helmet
rElec   +            s - +1 cloak
rCorr   +            (no gloves)
SInv    .            (no boots)
Will    .....        A - amulet of the acrobat Stlth
                     j - +6 ring of intelligence
HPRegen 0.32/turn    e - ring of resist corrosion
MPRegen 0.19/turn

%: acrobat
@: berserking (expiring), marked, animating dead, hasted, very quick
A: sickness immunity, AC +7, negative energy resistance 1, electricity
resistance, torment resistance 1, petrification resistance
a: Renounce Religion, Channel Magic, Forget Spell, Divine Exegesis


You were on level 9 of the Dungeon.
You worshipped Sif Muna.
Sif Muna was extremely pleased with you.
You visited 1 branch of the dungeon, and saw 9 of its levels.

You collected 501 gold pieces.
You spent 416 gold pieces at shops.

Inventory:

Hand Weapons
 d - a +0 mace
 n - a +0 trident
 r - a +0 orcbow
 G - a +1 short sword of holy wrath (weapon)
Missiles
 q - 7 curare-tipped darts
Armour
 h - a +1 helmet (worn)
 s - a +1 cloak (worn)
 C - a scarf of repulsion
 K - a +3 leather armour of cold resistance (worn)
Magical Staves
 c - a staff of earth
 l - a staff of fire
Jewellery
 a - a ring of see invisible
 e - a ring of resist corrosion (right hand)
 i - an amulet of faith
 j - a +6 ring of intelligence (left hand)
 m - an amulet of guardian spirit
 A - an amulet of the acrobat (around neck)
Wands
 w - a wand of flame (8)
Scrolls
 f - a scroll of silence
 g - 2 scrolls of vulnerability
 t - 4 scrolls of revelation
 y - 2 scrolls of fog
Potions
 b - a potion of magic
 k - 3 potions of heal wounds
 o - a potion of ambrosia
 p - 2 potions of curing
 u - a potion of attraction
 x - a potion of brilliance
 z - 3 potions of enlightenment
 B - 2 potions of mutation
 D - 2 potions of lignification
 H - a potion of might {unknown}


   Skills:
 - Level 1.5 Dodging
 - Level 2.1 Stealth
 + Level 10.3 Spellcasting
 + Level 9.8 Necromancy


You had 14 spell levels left.
You knew the following spells:

 Your Spells              Type           Power      Damage    Failure   Level
a - Necrotise             Necr           100%       1d9       1%          1
b - Vampiric Draining     Necr           61%        2d10      1%          3
c - Call Imp              Summ           26%        N/A       9%          2
d - Animate Dead          Necr           61%        N/A       1%          4
e - Curse of Agony        Necr           61%        N/A       2%          5

Your spell library contained the following spells:

 Spells                   Type           Power      Damage    Failure   Level
 Magic Dart               Conj           52%        1d5       5%          1
 Blink                    Tloc           26%        N/A       9%          2
 Jinxbite                 Hex            26%        N/A       9%          2
 Hailstorm                Conj/Ice       13%        3d6       17%         3
 Inner Flame              Hex/Fire       13%        N/A       17%         3
 Summon Ice Beast         Ice/Summ       13%        N/A       17%         3
 Tukima's Dance           Hex            13%        N/A       17%         3
 Dimensional Bullseye     Hex/Tloc       6%         N/A       50%         4
 Iskenderun's Mystic Bla  Conj/Tloc      13%        2d5       50%         4
 Irradiate                Conj/Alch      6%         3d13      83%         5
 Yara's Violent Unravell  Hex/Alch       6%         3d5       83%         5
 Sculpt Simulacrum        Ice/Alch       6%         N/A       100%        6
 Enfeeble                 Hex            6%         N/A       100%        7
 Spellforged Servitor     Conj/Summ      6%         N/A       100%        7
 Summon Hydra             Summ           6%         N/A       100%        7
 Ignition                 Fire           6%         3d4       100%        8
 Sublimation of Blood     Necr           Unusable   N/A       N/A         2

Dungeon Overview and Level Annotations

Branches:
Dungeon (9/15)             Temple (0/1) D:7
   Lair: D:8-11         Orc: D:9-12

Altars:
Fedhas
Nemelex Xobeh
Okawaru
Ru
Sif Muna
Trog
Vehumet
The Shining One

Shops:
D:2 *   D:7 [!   D:8 *

Annotations:
D:9 Harold


Innate Abilities, Weirdness & Mutations

You are immune to sickness and miasma.
Your stone body is resilient. (AC +7)
You are immune to poison.
You resist negative energy. (rN+)
You are resistant to electric shocks. (rElec)
You are resistant to unholy torment.
You are immune to petrification.


Message History

The wraith hits you but does no damage. The killer bee misses you.
Unknown command.
You puncture the wraith!
You destroy the wraith!
Sif Muna accepts your kill.
The killer bee stings you but does no damage.
Harold barely misses you. The killer bee closely misses you.
The killer bee stings you but does no damage.
Unknown command.
Unknown command.
You barely miss Harold.
The killer bee stings you but does no damage. x2
Harold hits you but does no damage. The killer bee closely misses you.
The killer bee stings you but does no damage.
Unknown command.
You puncture Harold!
Harold is lightly wounded.
You feel yourself speed up. The killer bee barely misses you.
The killer bee stings you.
Harold hits you with a +0 vampiric long sword!
* * * LOW HITPOINT WARNING * * *
The killer bee barely misses you. x2
You barely miss Harold.
Harold is lightly wounded.
The killer bee stings you.
* * * LOW HITPOINT WARNING * * *
The killer bee closely misses you. Harold misses you.
Unknown command.
You puncture Harold!
Harold is moderately wounded.
The killer bee stings you but does no damage.
The killer bee stings you.
* * * LOW HITPOINT WARNING * * *
Unknown command.
You hit Harold. You punch Harold, but do no damage.
Harold is moderately wounded.
The killer bee stings you but does no damage. x2
Harold hits you with a +0 vampiric long sword!
You die...
Harold says, "Can't wait to tell my little ones about this."

.......
........
........
...S......
###.........
#yyy..........
#yyy.#.........
#@@yK#y........
###YyKo........
#§Y{K...§....
##.§Yo...§....
#.y§§K..§§....
#..§§§..§.....
#..§§§§.§.....
##.§§§§§§.....
#..§§§.§§.@...


You could see Harold, 3 yaks, a water moccasin, 8 killer bees, an orc priest, an
orc and 4 kobolds.

Vanquished Creatures
  A manticore (D:8)
  Sigmund (D:4)
  A slime creature (D:5)
  A wraith (D:9)
  2 yaks (D:6)
  2 water moccasins
  A black bear (D:5)
  A sky beast (D:7)
  3 ice beasts
  3 ogres (D:5)
  3 centaurs
  A phantom (D:7)
  7 kobold brigands
  2 bullfrogs
  3 scorpions
  9 killer bees (D:7)
  3 howler monkeys
  4 bombardier beetles
  4 hounds
  4 orc priests
  3 jellies (D:5)
  Crazy Yiuf (D:3)
  11 orc wizards
  A sleepcap (D:5)
  3 iguanas
  8 adders
  A shadow imp (D:6)
  A white imp (D:8)
  3 ribbon worms
  20 orcs
  4 ball pythons
  7 bats
  12 endoplasms
  3 giant cockroaches
  6 goblins
  10 hobgoblins
  A jackal (D:2)
  19 kobolds
  6 quokkas
  3 frilled lizards
179 creatures vanquished.

Vanquished Creatures (collateral kills)
  A yak (D:6)
  A water moccasin (D:6)
  An ice beast (D:7)
  A bullfrog (D:7)
  A killer bee (D:9)
  A howler monkey (D:7)
  A jelly (D:8)
  An adder (D:3)
  A white imp (D:6)
  An orc (D:8)
  A bat (D:1)
  An endoplasm (D:3)
  A quokka (D:2)
  A ball python (D:3)
  A frilled lizard (D:3)
  3 kobolds
  A rat (D:1)
19 creatures vanquished.

Vanquished Creatures (others)
  A hornet (D:9)
  A water moccasin zombie (D:6)
  A wight (D:8)
  2 orc zombies (D:7)
5 creatures vanquished.

Grand Total: 203 creatures vanquished

Notes
Turn   | Place    | Note
-------+----------+-------------------------------------------
     0 | D:1      | tsouns the Gargoyle Necromancer began the quest for the
                  | Orb.
     0 | D:1      | Reached XP level 1. HP: 10/10 MP: 3/3
   148 | D:1      | Found a faded altar of an unknown god.
   151 | D:1      | Prayed at the altar of an unknown god.
   151 | D:1      | Became a worshipper of Sif Muna the Loreminder
   151 | D:1      | Reached * piety under Sif Muna
   247 | D:1      | Reached XP level 2. HP: 15/15 MP: 1/5
   635 | D:1      | Reached XP level 3. HP: 19/19 MP: 3/6
   846 | D:1      | Learned a level 3 spell: Vampiric Draining
   849 | D:1      | Learned a level 2 spell: Call Imp
  1238 | D:2      | Found Hieng's General Store.
  1244 | D:2      | Bought a scroll of teleportation for 36 gold pieces
  1244 | D:2      | Bought a potion of curing for 36 gold pieces
  1399 | D:2      | Reached skill level 3 in Spellcasting
  1405 | D:2      | Reached XP level 4. HP: 21/24 MP: 0/8
  1845 | D:3      | Reached ** piety under Sif Muna
  1942 | D:3      | Reached XP level 5. HP: 20/28 MP: 1/10
  2230 | D:3      | Found a shimmering blue altar of Sif Muna.
  2248 | D:3      | Reached skill level 4 in Spellcasting
  2679 | D:3      | Noticed a kobold brigand
  2694 | D:3      | Killed a kobold brigand
  2695 | D:3      | Reached XP level 6. HP: 26/32 MP: 1/12
  2978 | D:3      | Found a runed translucent door.
  2979 | D:3      | Noticed Crazy Yiuf
  2986 | D:3      | Killed Crazy Yiuf
  3074 | D:4      | Reached skill level 5 in Necromancy
  3279 | D:4      | Noticed Sigmund
  3291 | D:4      | Killed Sigmund
  3292 | D:4      | Reached skill level 5 in Spellcasting
  3292 | D:4      | Reached XP level 7. HP: 33/36 MP: 6/14
  3401 | D:4      | Reached *** piety under Sif Muna
  3683 | D:4      | Identified the +6 dagger of Efomug {flame, *Corrode rF+++
                  | Will+ MP+9}
  3802 | D:4      | Found a radiant altar of Vehumet.
  4107 | D:4      | Reached XP level 8. HP: 41/41 MP: 9/16
  4272 | D:5      | Entered Level 5 of the Dungeon
  4278 | D:5      | Reached skill level 6 in Spellcasting
  4674 | D:5      | Found a blossoming altar of Fedhas.
  4739 | D:5      | Reached skill level 7 in Spellcasting
  5078 | D:5      | Reached XP level 9. HP: 41/45 MP: 7/20
  5096 | D:5      | Learned a level 4 spell: Animate Dead
  5102 | D:5      | Learned a level 5 spell: Curse of Agony
  5285 | D:5      | Found a sacrificial altar of Ru.
  5285 | D:5      | Found a radiant altar of Vehumet.
  5285 | D:5      | Found a sparkling altar of Nemelex Xobeh.
  5285 | D:5      | Found a glowing golden altar of the Shining One.
  5285 | D:5      | Found an iron altar of Okawaru.
  5285 | D:5      | Found a bloodstained altar of Trog.
  5298 | D:5      | Reached skill level 8 in Spellcasting
  5564 | D:5      | Reached **** piety under Sif Muna
  6462 | D:6      | Reached skill level 9 in Spellcasting
  6829 | D:7      | Found Aligg's Distillery.
  6840 | D:7      | Got the Guidebook on Despicable Acts and Generation
  6874 | D:7      | Bought a potion of mutation for 104 gold pieces
  6874 | D:7      | Bought a potion of enlightenment for 65 gold pieces
  6874 | D:7      | Bought a potion of berserk rage for 65 gold pieces
  6941 | D:7      | Reached XP level 10. HP: 22/50 MP: 5/23
  7126 | D:7      | Upgraded the game from 0.31-a0-1576-ga3383bade6 to
                  | 0.31-a0-1589-g8f5e8aebd6
  7883 | D:7      | Found Rofocr Cuag's Antique Armour Boutique.
  8123 | D:7      | Found a staircase to the Ecumenical Temple.
  8157 | D:7      | Reached ***** piety under Sif Muna
  8480 | D:8      | Found Furusyk's Assorted Antiques.
  8486 | D:8      | Bought a scroll labelled QIB OCZUMUDGH for 22 gold pieces
  8486 | D:8      | Bought a curved iron wand for 88 gold pieces
  8697 | D:8      | Noticed a manticore
  8716 | D:8      | Killed a manticore
  8717 | D:8      | Reached skill level 10 in Spellcasting
  8805 | D:8      | Noticed a brown ugly thing
  8812 | D:9      | Noticed Harold
  8833 | D:9      | Upgraded the game from 0.31-a0-1589-g8f5e8aebd6 to
                  | 0.31-a0-1610-g9787180647
  8849 | D:9      | Slain by Harold

Illustrated notes

Levels and vault maps discovered:
D:1:      nzn_arrival_crosshair, layout_loops_ring,
          shapermc_ecumenical_altar_mp_urbaneastern, minmay_quantized
D:2:      layout_rooms, serial_shops, shop, minmay_circle_x
D:3:      cheibrodos_thug_alley, layout_basic, nicolae_sif_muna_condensation,
          grunt_ministairs_15, uniq_crazy_yiuf_cottage
D:4:      layout_basic, nicolae_vehumet_altar_sigil, uniq_sigmund
D:5:      cheibrodos_fertilizer, layout_cave_pools,
          mainiacjoe_overflow_six_doors_small, kennysheep_boxes
D:6:      layout_basic, minmay_misc_feat_chi, hangedman_decor_riveting,
          nicolae_titane
D:7:      layout_loops_ring, minmay_temple_entry_mini_moons, serial_shops,
          nicolae_lakefront_shop, shop
D:8:      minmay_tri_box, layout_rooms, serial_shops, shop
D:9:      layout_cross, uniq_harold

Skill      XL: |  1  2  3  4  5  6  7  8  9 10 |
---------------+-------------------------------+-----
Spellcasting   | 3 4 5 7 9 10 | 10.3
Necromancy     | 4 5 6 7 8 9 |  9.8
Dodging        | |  1.5
Stealth        | |  2.1

Action                     |  1- 3 |  4- 6 |  7- 9 | 10-12 || total
---------------------------+-------+-------+-------+-------++-------
  Melee: Staff             |    14 |       |       |       ||    14
         Trident           |    10 |     3 |    81 |     8 ||   102
         Short sword       |       |       |       |    69 ||    69
         Punch             |       |       |       |     1 ||     1
   Fire: Orcbow            |       |       |     2 |       ||     2
   Cast: Necrotise         |    57 |    86 |   233 |   140 ||   516
         Vampiric Draining |       |     1 |    29 |    13 ||    43
         Call Imp          |       |       |     2 |       ||     2
         Animate Dead      |       |       |     2 |     1 ||     3
         Curse of Agony    |       |       |     1 |       ||     1
  Evoke: Wand              |       |       |     3 |     5 ||     8
    Use: Scroll            |       |     7 |     7 |     5 ||    19
         Potion            |       |       |       |     2 ||     2
   Stab: Sleeping          |       |       |       |     1 ||     1
 Armour: Robe              |    28 |    15 |   195 |    94 ||   332
         Leather armour    |       |       |       |   121 ||   121
  Dodge: Dodged            |    49 |    18 |   125 |   131 ||   323
         Repelled          |       |       |     3 |     1 ||     4

Table legend: (Time is in decaauts)
 A = Elapsed time spent in this place.
 B = Non-inter-level travel time spent in this place.
 C = Inter-level travel time spent in this place.
 D = Time resting spent in this place.
 E = Time spent auto-exploring this place.
 F = Levels seen in this place.
 G = Mean time per level.
                   A        B        C        D        E       F      G
               +--------+--------+--------+--------+--------+-----+--------+
         Total |   8877 |   8647 |    230 |    128 |   6836 |   9 |  986.3 |
       Dungeon |   8877 |   8647 |    230 |    128 |   6836 |   9 |  986.3 |
               +--------+--------+--------+--------+--------+-----+--------+

Top non-repeatable levels by time:
     D:7: 1652 daAuts
     D:5: 1404 daAuts
     D:4: 1329 daAuts
     D:3: 1258 daAuts
     D:6: 1052 daAuts
     D:1: 1049 daAuts
     D:2: 761 daAuts
     D:8: 339 daAuts
     D:9: 30 daAuts
